 Dungeon Crawl Stone Soup version 0.21.1-1-g345015f (webtiles) character file.

8084 diana the Grappler (level 11, 0/90 HPs)
             Began as a Demonspawn Gladiator on June 17, 2018.
             Was a Follower of Ashenzari.
             Slain by a rakshasa
             ... wielding a +0 trident
              (10 damage)
             ... on level 10 of the Dungeon.
             The game lasted 00:24:24 (12459 turns).

diana the Grappler (Demonspawn Gladiator)          Turns: 12459, Time: 00:24:25

Health: 0/90       AC:  4    Str: 17    XL:     11   Next: 5%
Magic:  11/11      EV: 19    Int: 12    God:    Ashenzari [*.....]
Gold:   524        SH:  4    Dex: 20    Spells: 10/10 levels left

rFire    . . .     SeeInvis .     - Unarmed
rCold    . . .     Gourm    .   (no shield)
rNeg     . . .     Faith    .   v - +1 robe {MR+}
rPois    .         Spirit   .   b - +0 helmet
rElec    .         Reflect  .   (no cloak)
rCorr    .         Harm     .   (no gloves)
MR       ++...                  (no boots)
Stlth    +++.......             (no amulet)
HPRegen  0.25/turn              r - ring of protection from magic
MPRegen  0.12/turn              (no ring)

@: agile, about to teleport
A: claws 1, talons 1, large bone plates 1, clever 1, demonic guardian 1
a: Curse Item, Scrying, Renounce Religion


You were on level 10 of the Dungeon.
You worshipped Ashenzari.
Ashenzari was aware of your devotion.
You were not hungry.

You visited 1 branch of the dungeon, and saw 10 of its levels.

You collected 524 gold pieces.

Inventory:

Missiles
 c - 3 throwing nets (quivered)
Armour
 a - a +0 leather armour
 b - a +0 helmet (worn)
 v - a +1 robe of magic resistance (worn)
Jewellery
 n - an uncursed ring of ice
 r - a ring of protection from magic (left claw)
 w - a cursed ring of loudness
 x - an uncursed ring of wizardry
Wands
 A - a wand of enslavement (18)
Scrolls
 e - 2 scrolls of teleportation
 h - 4 scrolls of remove curse
 i - 8 scrolls of identify
 k - a scroll of magic mapping
 m - a scroll of blinking {unknown}
 p - 2 scrolls of enchant weapon {unknown}
 q - a scroll of summoning {unknown}
 s - 2 scrolls of fog {unknown}
 u - a scroll of fear {unknown}
 y - 2 scrolls of amnesia {unknown}
Potions
 g - a potion of cancellation
 t - a potion of mutation
 z - 2 potions of magic
 C - a potion of flight
Comestibles
 d - 12 rations


   Skills:
 + Level 9.7 Fighting
 - Level 1.8 Throwing
 - Level 2.2 Armour
 - Level 3.3 Dodging
 - Level 0.6 Stealth
 * Level 12.6 Unarmed Combat


You had 10 spell levels left.
You didn't know any spells.

Dungeon Overview and Level Annotations

Branches:
Dungeon (10/15)            Temple (0/1) D:6             Orc (0/2) D:9
   Lair: D:8-11

Altars:
Ashenzari
Elyvilon
Fedhas
Hepliaklqana
Sif Muna
Uskayaw
Vehumet
Wu Jian
Xom
Zin
The Shining One

Annotations:
D:9 Rwicked's ghost, novice MiBe
D:10 exclusion: oklob plant


Innate Abilities, Weirdness & Mutations

You have sharp fingernails.
You are partially covered in large bone plates. (SH +4)
A weak demonic guardian rushes to your aid.
You have sharp toenails.
Your mind is acute. (Int +2)


Message History

Items here: ) [ †† an uncursed great mace; an uncursed ring mail; a worker ant corpse a tengu corpse You barely miss the rakshasa.
You claw the rakshasa, but do no damage.
The rakshasa is heavily wounded.
You mangle the rakshasa!! Your kick misses the rakshasa.
The rakshasa is severely wounded.
The rakshasa hits you from afar with a trident!
* * * LOW HITPOINT WARNING * * *
The rakshasa hits you with a trident!
* * * LOW HITPOINT WARNING * * *
You mangle the rakshasa!! Your kick misses the rakshasa.
The rakshasa is almost dead.
The rakshasa misses you. The rakshasa hits you with a trident.
* * * LOW HITPOINT WARNING * * *
As you read the scroll of teleportation, it crumbles to dust.
You feel strangely unstable.
The rakshasa hits you from afar with a trident!
You die...

## #'### ### ###....
#..###Q.# #.. ..#.#..
#..#5#..#.# #.#....
#.## ##.# #.#..#.
##..####.# #.#....
#.###.['.# #.'..##
#..##.##.# #.#.##
#..##RR###.# #.#.#
#.##
#.#@##.#######.#.# #
..##..#....)....#.#
##'#########'#####.#
# ..................#
##
############.###.###
)# #.###.##
)##.#################
#..[)..####
.##.................#
#...)#....# ##
######.###.#####.#
#.##...##.#


You could see 2 rakshasas.

Vanquished Creatures
  Erica (D:8)
  3 two-headed ogres
  A tengu warrior (D:10)
  A hornet (D:8)
  A spriggan (D:7)
  A hungry ghost (D:8)
  5 yaks (D:9)
  A water moccasin (D:6)
  2 sky beasts
  2 ice beasts
  2 black bears
  2 orc warriors
  3 phantoms
  3 ogres
  A big kobold (D:9)
  4 bullfrogs
  A gnoll sergeant (D:9)
  3 scorpions (D:5)
  A howler monkey (D:9)
  4 crimson imps
  A centaur zombie (D:7)
  2 hounds
  A jelly (D:6)
  A quasit (D:8)
  2 orc priests
  9 orc wizards
  3 bullfrog skeletons
  Jessica (D:3)
  An iguana (D:8)
  9 worker ants
  A hound skeleton (D:4)
  A worker ant zombie (D:6)
  3 howler monkey skeletons
  3 gnolls
  6 adders
  2 shadow imps
  An ooze (D:1)
  An adder skeleton (D:6)
  2 worms
  4 dart slugs
  6 leopard geckos
  28 orcs
  5 bats
  6 giant cockroaches
  4 goblins
  8 hobgoblins
  5 jackals
  6 quokkas
  5 frilled lizards
  15 kobolds
  A leopard gecko skeleton (D:9)
  2 quokka zombies
  12 rats
199 creatures vanquished.

Vanquished Creatures (collateral kills)
  Prince Ribbit (D:5)
  A hippogriff (D:9)
  Sigmund (D:2)
  A yak (D:9)
  A hungry ghost (D:9)
  An ice beast (D:8)
  2 ogres
  A phantom (D:4)
  A centaur (D:9)
  A crocodile (D:10)
  2 bullfrogs
  2 howler monkeys
  2 orc wizards
  Terence (D:2)
  An adder skeleton (D:5)
  A leopard gecko (D:9)
  4 orcs
  A giant cockroach (D:2)
  A kobold (D:9)
26 creatures vanquished.

Grand Total: 225 creatures vanquished

Notes
Turn   | Place    | Note
-------+----------+-------------------------------------------
     0 | D:1      | diana the Demonspawn Gladiator began the quest for the Orb.
     0 | D:1      | Reached XP level 1. HP: 16/16 MP: 1/1
    60 | D:1      | Reached skill level 3 in Unarmed Combat
    60 | D:1      | Gained mutation: A weak demonic guardian rushes to your aid. [demonic ancestry]
    60 | D:1      | Reached XP level 2. HP: 15/22 MP: 2/2
   489 | D:1      | Reached XP level 3. HP: 15/27 MP: 3/3
   835 | D:2      | Reached skill level 1 in Armour
   956 | D:2      | Noticed Terence
   970 | D:2      | Killed Terence
   988 | D:2      | Noticed Sigmund
  1273 | D:3      | Noticed Jessica
  1292 | D:3      | Killed Jessica
  1292 | D:3      | Reached XP level 4. HP: 29/34 MP: 4/4
  2298 | D:2      | Reached skill level 4 in Unarmed Combat
  2411 | D:2      | Reached XP level 5. HP: 36/39 MP: 5/5
  2469 | D:2      | Found a white marble altar of Elyvilon.
  2469 | D:2      | Found a faded altar of an unknown god.
  2477 | D:2      | Found a glowing silver altar of Zin.
  2479 | D:2      | Found an ornate altar of the Wu Jian Council.
  2481 | D:2      | Found a faded altar of an unknown god.
  2638 | D:2      | Found a radiant altar of Vehumet.
  2638 | D:2      | Noticed an ogre
  2670 | D:2      | Killed an ogre
  2931 | D:2      | Killed Sigmund
  2931 | D:2      | Reached XP level 6. HP: 39/46 MP: 6/6
  3201 | D:4      | Reached skill level 5 in Unarmed Combat
  3441 | D:4      | Found a deep blue altar of Sif Muna.
  4487 | D:5      | Entered Level 5 of the Dungeon
  4493 | D:5      | Reached XP level 7. HP: 45/53 MP: 7/7
  4664 | D:5      | Reached skill level 6 in Unarmed Combat
  4777 | D:5      | Noticed Prince Ribbit
  4822 | D:5      | Gained mutation: You have sharp toenails. [potion of mutation]
  4822 | D:5      | Gained mutation: Your mind is acute. (Int +2) [potion of mutation]
  5156 | D:5      | Found a shattered altar of Ashenzari.
  5531 | D:5      | Became a worshipper of Ashenzari the Shackled
  5666 | D:5      | Killed Prince Ribbit
  5985 | D:6      | Reached skill level 7 in Unarmed Combat
  5985 | D:6      | Gained mutation: You are partially covered in large bone plates. (SH +4) [demonic ancestry]
  5985 | D:6      | Reached XP level 8. HP: 27/61 MP: 8/8
  6125 | D:6      | Reached skill level 5 in Fighting
  6552 | D:6      | Found a hide-covered altar of Uskayaw.
  7051 | D:6      | Found a hazy altar of Hepliaklqana.
  7052 | D:6      | Found a shimmering altar of Xom.
  7052 | D:6      | Noticed a hell beast
  7053 | D:6      | Noticed a hell beast
  7053 | D:6      | Noticed a spectral ugly thing
  7090 | D:6      | Found a staircase to the Ecumenical Temple.
  7123 | D:6      | Reached skill level 8 in Unarmed Combat
  7779 | D:7      | Reached * piety under Ashenzari
  7920 | D:8      | Reached skill level 9 in Unarmed Combat
  7920 | D:8      | Reached XP level 9. HP: 63/71 MP: 9/9
  8487 | D:8      | Noticed a two-headed ogre
  8640 | D:8      | Killed a two-headed ogre
  8690 | D:8      | Reached skill level 10 in Unarmed Combat
  8765 | D:8      | Found a glowing golden altar of the Shining One.
  8770 | D:8      | Found a blossoming altar of Fedhas.
  9584 | D:9      | Noticed Erica
  9592 | D:9      | Noticed Rwicked's ghost (novice MiBe)
  9945 | D:9      | Reached XP level 10. HP: 67/80 MP: 10/10
  9981 | D:9      | Noticed a two-headed ogre
 10004 | D:9      | Killed a two-headed ogre
 10004 | D:9      | Reached skill level 11 in Unarmed Combat
 10236 | D:9      | Found a staircase to the Orcish Mines.
 11215 | D:8      | Killed Erica
 11215 | D:8      | Reached skill level 12 in Unarmed Combat
 11360 | D:10     | Entered Level 10 of the Dungeon
 11997 | D:10     | Noticed a two-headed ogre
 11998 | D:10     | Noticed an oklob plant
 12037 | D:10     | Killed a two-headed ogre
 12402 | D:10     | Noticed a tengu warrior
 12402 | D:10     | Noticed a deep elf mage
 12403 | D:10     | Noticed a rakshasa
 12429 | D:10     | Killed a tengu warrior
 12429 | D:10     | Gained mutation: You have sharp fingernails. [demonic ancestry]
 12429 | D:10     | Reached XP level 11. HP: 90/90 MP: 11/11
 12459 | D:10     | Slain by a rakshasa

Skill      XL: |  1  2  3  4  5  6  7  8  9 10 |
---------------+-------------------------------+-----
Unarmed Combat | 3 4 5 7 9 10 12 | 12.6
Dodging        | 3 |  3.3
Armour         | 1 2 |  2.2
Fighting       | 3 4 6 8 9 |  9.7
Throwing       | |  1.8
Stealth        | |  0.6

Action                   |  1- 3 |  4- 6 |  7- 9 | 10-12 || total
-------------------------+-------+-------+-------+-------++-------
Melee: Unarmed           |   147 |   186 |   405 |   149 ||   887
       Punch             |     1 |     5 |    23 |     5 ||    34
       Kick              |       |       |    98 |    48 ||   146
Throw: Throwing net      |       |       |     5 |     3 ||     8
Invok: Scrying           |       |       |     1 |       ||     1
  Use: Scroll            |       |     3 |     2 |     3 ||     8
       Potion            |       |       |     8 |    11 ||    19
 Stab: Sleeping          |     2 |     2 |     2 |       ||     6
       Distracted        |       |       |     2 |       ||     2
       Held in net/web   |       |       |       |     2 ||     2
  Eat: Chunk             |       |    11 |     6 |     2 ||    19
       Ration            |       |       |     3 |     3 ||     6
Armor: Leather armour    |    24 |    27 |    62 |       ||   113
       Chain mail        |       |       |       |    32 ||    32
       Skin              |       |       |       |    30 ||    30
       Robe              |       |       |       |     6 ||     6
Dodge: Dodged            |    80 |   100 |   200 |    44 ||   424
Block: Other             |       |       |    40 |    12 ||    52
